 Dungeon Crawl Stone Soup version 0.30.0-30-g96aa6591b8 (webtiles) character file.

Game seed: 8421292047020675799

7128 coffeetime the Thaumaturge (level 11, 0/68 HPs)
             Began as a Gargoyle Earth Elementalist on June 28, 2023.
             Was a Priest of Vehumet.
             Slain by a shadow (8 damage)
             ... on level 10 of the Dungeon.
             The game lasted 00:47:01 (11362 turns).

coffeetime the Thaumaturge (GrEE)                  Turns: 11362, Time: 00:47:02

Health: 0/68       AC: 18    Str: 11    XL:     11   Next: 10%
Magic:  7/23       EV: 15    Int: 16    God:    Vehumet [***...]
Gold:   621        SH:  0    Dex: 26    Spells: 16/27 levels left

rFire   . . .        F - +4 dagger of the Battered Friends {pain, rC++ rCorr Int-5 Dex+4}
rCold   + + .        (no shield)
rNeg    + . .        W - +0 acid dragon scales
rPois   ∞            g - +0 helmet
rElec   +            (no cloak)
rCorr   +            r - +0 pair of gloves
SInv    .            P - +0 pair of boots
Will    .....        V - amulet of the acrobat
Stlth   +++          w - +6 ring of dexterity
HPRegen 0.31/turn    R - +6 ring of dexterity
MPRegen 0.18/turn

%: acrobat
@: studying 2 skills
A: sickness immunity, AC +8, negative energy resistance 1, electricity
resistance, torment resistance 1, petrification resistance
a: Renounce Religion


You were on level 10 of the Dungeon.
You worshipped Vehumet.
Vehumet was most pleased with you.
You visited 2 branches of the dungeon, and saw 11 of its levels.

You collected 621 gold pieces.

Inventory:

Hand Weapons
 l - a +0 shortbow
 u - a +2 dagger of holy wrath
 B - a +1 dagger of venom
 E - a +4 dagger
 F - the +4 dagger of the Battered Friends (weapon) {pain, rC++ rCorr Int-5 Dex+4}
   (You found it on level 3 of the Dungeon)

   Int:       It affects your intelligence (-5).
   Dex:       It affects your dexterity (+4).
   rC:        It greatly protects you from cold.
   rCorr:     It protects you from acid and corrosion.
 J - a +1 heavy trident
 N - a +0 short sword of speed
 T - a +4 mace
Missiles
 c - 7 poisoned darts
 f - 97 stones
 n - 9 curare-tipped darts
 p - 3 silver boomerangs
 K - 2 throwing nets
Armour
 g - a +0 helmet (worn)
 r - a +0 pair of gloves (worn)
 t - a +0 helmet
 L - a +2 leather armour of fire resistance
 O - the +1 ring mail "Vozyat" {rElec}
   (You found it on level 7 of the Dungeon)

   rElec:     It insulates you from electricity.
 P - a +0 pair of boots (worn)
 W - +0 acid dragon scales (worn)
 X - a +1 leather armour of cold resistance
Magical Staves
 q - a staff of conjuration
 G - a staff of poison
Jewellery
 d - a ring of ice
 w - a +6 ring of dexterity (left hand)
 R - a +6 ring of dexterity (right hand)
 V - an amulet of the acrobat (around neck)
 Y - a ring of resist corrosion
Wands
 H - a wand of iceblast (9)
Scrolls
 a - a scroll of silence
 h - 2 scrolls of fear
 i - 7 scrolls of teleportation
 j - 5 scrolls of fog
 k - 2 scrolls of enchant armour
 s - 2 scrolls of poison
 v - a scroll of amnesia
 y - 2 scrolls of immolation
 D - 2 scrolls of vulnerability
 S - a scroll of enchant weapon
Potions
 b - a potion of magic
 e - 6 potions of brilliance
 m - 8 potions of curing
 o - 4 potions of haste {unknown}
 x - 2 potions of attraction {unknown}
 z - 3 potions of flight {unknown}
 A - 2 potions of mutation {unknown}
 C - a potion of berserk rage {unknown}
 I - 3 potions of heal wounds {unknown}
 M - a potion of degeneration {unknown}
 Q - 2 potions of might {unknown}
 U - a potion of resistance


   Skills:
 * Level 7.8 Fighting
 + Level 4.0 Armour
 + Level 4.7 Dodging
 + Level 4.4 Stealth
 + Level 8.8 Spellcasting
 * Level 7.2 Conjurations
 - Level 0.7 Transmutations
 - Level 8.5 Earth Magic


You had 16 spell levels left.
You knew the following spells:

 Your Spells              Type           Power      Damage    Failure   Level
a - Sandblast             Erth           68%        2d15      1%          1
b - Stone Arrow           Conj/Erth      64%        3d11      1%          3
c - Passwall              Tmut/Erth      17%        N/A       3%          2
d - Mephitic Cloud        Conj/Pois/Air  14%        N/A       4%          3
e - Poisonous Vapours     Pois/Air       14%        N/A       7%          2

Your spell library contained the following spells:

 Spells                   Type           Power      Damage    Failure   Level
 Dazzling Flash           Conj/Hex       36%        N/A       3%          3
 Magic Dart               Conj           100%       1d8       1%          1
 Sting                    Tmut/Pois      32%        1d4       14%         1
 Necrotise                Necr           28%        1d5       16%         1
 Petrify                  Tmut/Erth      21%        N/A       22%         4
 Call Imp                 Summ           14%        N/A       24%         2
 Ensorcelled Hibernation  Hex/Ice        14%        N/A       24%         2
 Olgreb's Toxic Radiance  Pois           7%         N/A       36%         4
 Freezing Cloud           Conj/Ice/Air   7%         6-21      36%         5
 Swiftness                Air            7%         N/A       43%         3
 Vampiric Draining        Necr           7%         2d6       43%         3
 Agony                    Necr           7%         N/A       99%         5
 Haunt                    Necr/Summ      3%         N/A       100%        7
 Cigotuvi's Dreadful Rot  Necr/Pois/Air  Unusable   N/A       N/A         2

Dungeon Overview and Level Annotations

Branches:
Dungeon (10/15)            Temple (1/1) D:4
   Lair: D:8-11         Orc: D:9-12

Altars:
Ashenzari
Cheibriados
Dithmenos
Elyvilon
Fedhas
Gozag
Hepliaklqana
Kikubaaqudgha
Makhleb
Nemelex Xobeh
Qazlal
Ru
Sif Muna
Trog
Uskayaw
Vehumet
Wu Jian
Xom
Yredelemnul
Zin
The Shining One

Shops:
D:4 *

Annotations:
D:10 1 runed translucent door


Innate Abilities, Weirdness & Mutations

You are immune to sickness and miasma.
Your stone body is resilient. (AC +8)
You are immune to poison.
You resist negative energy. (rN+)
You are resistant to electric shocks. (rElec)
You are resistant to unholy torment.
You are immune to petrification.


Message History

a +0 dagger; a +0 robe The shadow strikes at you from the darkness!
Reactivating autopickup.
The orc warrior attacks as you move away!
The orc warrior completely misses you. The shadow barely misses you.
The orc warrior attacks as you move away!
The orc warrior hits you with a +2 vampiric scimitar!
The orc warrior completely misses you.
You see here a bat skeleton.
The shadow slips into darkness.
The shadow flickers and vanishes!
Deactivating autopickup; reactivate with Ctrl-A.
There is an open door here.
You see here a bat skeleton.
The orc warrior attacks as you move away!
The orc warrior completely misses you. The orc warrior closely misses you.
The orc warrior attacks as you move away!
The orc warrior barely misses you.
The orc warrior attacks as you move away!
The orc warrior completely misses you. The orc warrior misses you.
The orc warrior attacks as you move away!
The orc warrior completely misses you.
You feel yourself speed up.
The orc warrior attacks as you move away!
The orc warrior closely misses you.
Something enters a dispersal trap!
The orc warrior blinks!
You blink.
The orc warrior misses you.
The shadow strikes at you from the darkness!
Reactivating autopickup.
The shadow slips into darkness.
The shadow flickers and vanishes!
Deactivating autopickup; reactivate with Ctrl-A.
The shadow strikes at you from the darkness!
* * * LOW HITPOINT WARNING * * *
Reactivating autopickup.
The shadow attacks as you move away! The shadow completely misses you.
The shadow attacks as you move away! The shadow misses you.
There is a stone staircase leading up here.
The shadow hits you!
You die...

. . . . ) . ######
.##########....#
............##o#####
##.####..^>###.#@..#
#8.8######.....W.#.#
##÷##...######.#.# #
#÷#..⌠..# ###...#
##.##...###.###..#
#...##'###...##..#
÷÷)....###._.#####
##'###..#†...#####
#...###..##.##...##


You could see a shadow.

Vanquished Creatures
  2 two-headed ogres (D:9)
  2 hornets
  4 wraiths
  2 fire bats (D:10)
  2 wyverns
  A shadow (D:10)
  2 steam dragons (D:6)
  2 acid dragons
  A water moccasin (D:4)
  2 sky beasts (D:7)
  2 black bears
  3 orc warriors
  6 centaurs
  2 ogres
  A phantom (D:6)
  A kobold brigand (D:8)
  Blork the orc (D:4)
  2 bullfrogs
  2 scorpions (D:5)
  3 wights (D:7)
  15 killer bees
  3 howler monkeys (D:9)
  A gnoll bouda (D:9)
  6 hounds
  A jelly (D:6)
  3 orc priests
  2 sleepcaps (D:7)
  Ijyb (D:4)
  Natasha (thrice) (D:3)
  8 orc wizards
  3 iguanas (D:5)
  Robin (D:4)
  9 adders
  4 gnolls (D:4)
  2 white imps (D:5)
  2 ufetubi
  2 adder zombies (D:3)
  2 worms
  A dart slug (D:1)
  27 orcs
  13 bats
  7 endoplasms
  4 giant cockroaches
  11 goblins
  10 hobgoblins
  6 jackals (D:1)
  10 kobolds
  6 quokkas
  3 ball pythons
  2 ball python zombies (D:3)
  A frilled lizard (D:3)
  A giant cockroach zombie (D:3)
  A jackal skeleton (D:3)
  5 rats
219 creatures vanquished.

Vanquished Creatures (others)
  2 ogres (D:5)
  A scorpion (D:5)
  An orc wizard (D:6)
  An adder (D:5)
  An orc (D:5)
6 creatures vanquished.

Grand Total: 225 creatures vanquished

Notes
Turn   | Place    | Note
-------+----------+-------------------------------------------
     0 | D:1      | coffeetime the Gargoyle Earth Elementalist began the quest
                  | for the Orb.
     0 | D:1      | Reached XP level 1. HP: 10/10 MP: 3/3
    49 | D:1      | Reached XP level 2. HP: 11/15 MP: 5/5
   413 | D:1      | Reached XP level 3. HP: 18/20 MP: 6/6
   582 | D:1      | Reached skill level 1 in Fighting
  1955 | D:3      | Reached XP level 4. HP: 25/25 MP: 5/7
  1959 | D:3      | Learned a level 3 spell: Stone Arrow
  2262 | D:3      | Noticed Natasha
  2304 | D:3      | Killed Natasha
  2311 | D:3      | Identified the +4 dagger of the Battered Friends {pain,
                  | rC++ rCorr Int-5 Dex+4}
  2366 | D:3      | Noticed Natasha
  2375 | D:3      | Killed Natasha
  2376 | D:3      | Reached XP level 5. HP: 30/30 MP: 5/9
  2511 | D:3      | Reached skill level 5 in Earth Magic
  2547 | D:3      | Noticed Natasha
  2555 | D:3      | Killed Natasha
  2626 | D:3      | Found a sparkling altar of Nemelex Xobeh.
  2718 | D:4      | Noticed Ijyb
  2722 | D:4      | Found a staircase to the Ecumenical Temple.
  2731 | D:4      | Killed Ijyb
  2746 | Temple   | Entered the Ecumenical Temple
  2775 | Temple   | Became a worshipper of Vehumet
  2903 | D:4      | Reached XP level 6. HP: 32/36 MP: 3/10
  3043 | D:4      | Found Masaub's General Store.
  3053 | D:4      | Noticed a black bear
  3074 | D:4      | Reached skill level 1 in Armour
  3123 | D:5      | Entered Level 5 of the Dungeon
  3128 | D:5      | Found a large runed translucent door.
  3129 | D:5      | Found a large runed translucent door.
  3178 | D:5      | You fall into a shaft and drop 3 floors!
  3220 | D:8      | Noticed a steam dragon
  3267 | D:6      | Reached XP level 7. HP: 28/41 MP: 2/12
  3324 | D:6      | Learned a level 2 spell: Passwall
  3641 | D:4      | Noticed Blork the orc
  3652 | D:4      | Killed Blork the orc
  3979 | D:4      | Noticed Robin
  4000 | D:4      | Reached XP level 8. HP: 45/48 MP: 8/14
  4002 | D:4      | Reached * piety under Vehumet
  4002 | D:4      | Offered knowledge of Shock by Vehumet.
  4006 | D:4      | Killed Robin
  4279 | D:4      | Found a glowing silver altar of Zin.
  4425 | D:4      | Found a shadowy altar of Dithmenos.
  4517 | D:4      | Found a snail-covered altar of Cheibriados.
  4575 | D:5      | Reached skill level 5 in Spellcasting
  4951 | D:5      | Found a shimmering altar of Xom.
  5144 | D:5      | Found a burning altar of Makhleb.
  5343 | D:5      | Found an ornate altar of the Wu Jian Council.
  5350 | D:5      | Reached skill level 5 in Fighting
  5352 | D:5      | Found a glowing golden altar of the Shining One.
  5594 | D:6      | Got the Enchiridion on Green Last Rites
  5774 | D:6      | Reached XP level 9. HP: 54/54 MP: 18/18
  5801 | D:6      | Offered knowledge of Freeze by Vehumet.
  5802 | D:6      | Reached ** piety under Vehumet
  6163 | D:7      | Identified the +1 ring mail "Vozyat" {rElec}
  6270 | D:7      | Reached skill level 1 in Conjurations
  6325 | D:7      | Learned a level 3 spell: Mephitic Cloud
  7040 | D:7      | Found a white marble altar of Elyvilon.
  8090 | D:8      | Found a blossoming altar of Fedhas.
  8163 | D:8      | Offered knowledge of Static Discharge by Vehumet.
  8205 | D:8      | Reached XP level 10. HP: 57/60 MP: 3/21
  8674 | D:8      | Noticed a two-headed ogre
  8786 | D:8      | Reached *** piety under Vehumet
  9165 | D:9      | Noticed a two-headed ogre
  9242 | D:9      | Killed a two-headed ogre
  9243 | D:9      | Reached skill level 5 in Conjurations
  9941 | D:9      | Offered knowledge of Dazzling Flash by Vehumet.
 10345 | D:9      | Noticed a two-headed ogre
 10352 | D:9      | Killed a two-headed ogre
 10509 | D:9      | Learned a level 2 spell: Poisonous Vapours
 10954 | D:10     | Entered Level 10 of the Dungeon
 10982 | D:10     | Found a bloodstained altar of Trog.
 11000 | D:10     | Reached XP level 11. HP: 67/67 MP: 5/23
 11097 | D:10     | Found a runed translucent door.
 11129 | D:10     | Found a burning altar of Makhleb.
 11262 | D:10     | Found a white marble altar of Elyvilon.
 11276 | D:10     | Found a burning altar of Makhleb.
 11282 | D:10     | Noticed a flayed ghost
 11302 | D:10     | Found an opulent altar of Gozag.
 11362 | D:10     | Slain by a shadow

Illustrated notes

Levels and vault maps discovered:
D:1:      scummos_arrival_forest, layout_basic
D:2:      layout_loops_corners
D:3:      layout_basic, mainiacjoe_overflow_alcove_2, hangedman_decor_slide_cut,
          dilly_guarded_unrand_morg
D:4:      layout_gridville, zin_scriptorium, lemuel_coloured_pillars_altar,
          nicolae_overflow_hidden_temple, minmay_temple_entry_grid,
          serial_shops, nicolae_shop_stone, minmay_distorted, uniq_robin,
          uniq_ijyb, uniq_blork_the_orc
D:5:      layout_layer_cave, lemuel_tele_altar, xom_confusion_cloud,
          jmf_multi_god_temple2, minmay_manual_mares
D:6:      layout_basic, hangedman_abyss_or_decor_passed
D:7:      layout_loops_ring, mainiacjoe_overflow_24_doors,
          grunt_decor_mini_mirrors, minmay_manual_moon
D:8:      layout_basic, lemuel_crystal_altar
D:9:      minmay_evil_eye, layout_irregular_city
D:10:     due_megacathedral, layout_basic, okawaru_gym_becter, serial_shops,
          shop, nicolae_book_shop_shelving
Temple:   chequers_temple_sunken

Skill      XL: |  1  2  3  4  5  6  7  8  9 10 11 |
---------------+----------------------------------+-----
Earth Magic    | 4 5 6 8 |  8.5
Dodging        | 2 3 4 |  4.7
Fighting       | 1 2 3 4 5 6 7 |  7.8
Spellcasting   | 3 4 6 7 8 |  8.8
Armour         | 1 2 3 4 |  4.0
Stealth        | 3 4 |  4.4
Conjurations   | 3 7 |  7.2
Transmutations | |  0.7

Action                     |  1- 3 |  4- 6 |  7- 9 | 10-12 || total
---------------------------+-------+-------+-------+-------++-------
  Melee: Rapier            |    72 |       |       |       ||    72
         Punch             |     1 |     1 |     5 |     2 ||     9
         Spear             |    24 |       |       |       ||    24
         Dagger            |     3 |    73 |   192 |    80 ||   348
  Throw: Stone             |       |       |     1 |       ||     1
   Cast: Sandblast         |    18 |    40 |   157 |       ||   215
         Stone Arrow       |       |       |    27 |   111 ||   138
         Mephitic Cloud    |       |       |       |     2 ||     2
    Use: Scroll            |       |     4 |     7 |     1 ||    12
         Potion            |       |       |     1 |       ||     1
   Stab: Sleeping          |     3 |     2 |     3 |     1 ||     9
 Armour: Robe              |    33 |       |       |       ||    33
         Leather armour    |    11 |    39 |   218 |    24 ||   292
         Acid dragon scale |       |       |       |    62 ||    62
  Dodge: Dodged            |    82 |    53 |   282 |   286 ||   703
